 Dungeon Crawl Stone Soup version 0.17-a0-778-g2ffce82 (webtiles) character file.

56 FedoraBrony69 the Stinger (level 3, 1/19 HPs)
             Began as a Deep Elf Venom Mage on Apr 25, 2015.
             Quit the game on level 2 of the Dungeon.
             The game lasted 00:04:28 (1453 turns).

FedoraBrony69 the Stinger (Deep Elf Venom Mage)     Turns: 1453, Time: 00:04:28

Health: 1/19       AC:  4    Str:  5    XL:     3   Next: 71%
Magic:  3/10       EV: 13    Int: 20    God:
Gold:   67         SH:  0    Dex: 15    Spells: 1 memorised, 8 levels left

rFire  . . .     SeeInvis .     i - -2 whip (curse)
rCold  . . .     Clarity  .     a - +0 robe
rNeg   . . .     SustAb   .     (no shield)
rPois  .         Gourm    .     (no helmet)
rElec  .         Spirit   .     j - +0 cloak
rCorr  .         Warding  .     (no gloves)
rMut   .         Stasis   .     e - +0 pair of boots (curse)
MR     .....                    (no amulet)
Stlth  ++........               (no ring)
                                (no ring)

@: very slightly contaminated, not resistant to hostile enchantments, unstealthy
A: no striking features
a: no special abilities


You were on level 2 of the Dungeon.
You were hungry.

You visited 1 branch of the dungeon, and saw 2 of its levels.

You collected 67 gold pieces.

Inventory:

Hand weapons
 i - a cursed -2 whip (weapon)
Armour
 a - a +0 robe (worn)
 e - a cursed +0 pair of boots (worn)
 j - a +0 cloak (worn)
Jewellery
 q - an uncursed ring of fire {unknown}
Scrolls
 l - a scroll of magic mapping {unknown}
 m - a scroll of enchant armour {unknown}
 o - 2 scrolls of remove curse {unknown}
 r - a scroll of recharging {unknown}
Potions
 d - a potion of cancellation {unknown}
 f - a potion of lignification {unknown}
 h - a potion of curing {unknown}
 k - 2 potions of brilliance {unknown}
 n - 2 potions of invisibility {unknown}
Books
 b - a Young Poisoner's Handbook

   Spells                             Type                      Level
   a - Sting                          Conjuration/Poison           1
   b - Cure Poison                    Poison                       2
   c - Mephitic Cloud                 Conjuration/Poison/Air       3
   d - Olgreb's Toxic Radiance        Poison                       4
   e - Venom Bolt                     Conjuration/Poison           5
Comestibles
 c - 2 bread rations
 g - a chunk of flesh
 p - a meat ration


   Skills:
 - Level 2.4 Dodging
 - Level 2.4 Stealth
 + Level 3.7 Spellcasting
 * Level 3.2 Conjurations
 - Level 4.3 Poison Magic


You had 8 spell levels left.
You knew the following spells:

 Your Spells              Type           Power        Failure   Level  Hunger
a - Sting                 Conj/Pois      ###.         2%          1    None


Dungeon Overview and Level Annotations

Branches:
Dungeon (2/15)

Altars:

Annotations:
D:2 Robin


Message History

You kill the goblin!
Robin throws the goblin at you! The goblin hits you with a dagger.
The goblin hits you with a dagger. x2
Casting: Sting
Confirm with . or Enter, or press ? or * to list all spells.
Aiming: Sting
Press: ? - help, Shift-Dir - straight line, f - goblin
Aim: a goblin, wielding a dagger (consumed by blood-lust)
The sting misses the goblin.
The goblin hits you with a dagger.
* * * LOW HITPOINT WARNING * * *
The goblin completely misses you. The goblin barely misses you.
The goblin hits you but does no damage.
You hit the goblin.
The goblin is moderately wounded.
The goblin misses you. The goblin hits you with a dagger.
* * * LOW HITPOINT WARNING * * *
The goblin barely misses you. The goblin completely misses you.
Quiver which item? (- for none, * to show all) (? for menu, Esc to quit)
Okay, then.
Are you sure you want to abandon this character and quit the game? (Confirm with "yes".)

.........# ........##
........# .......## ♣#
.##...## .. ####### .# g#
. #########g##K....
♣♣#######......g@ggggg...
.♣♣.......#######g##g..♣♣
P♣♣.####### .# ♣ ....# .#
.P♣## .# ### .# .# .# .


You could see a hobgoblin (frenzied), 9 goblins and a kobold.

Vanquished Creatures
  An adder (D:2)
  A worm (D:2)
  2 giant geckos (D:1)
  2 giant cockroaches (D:2)
  9 goblins
  6 hobgoblins
  3 jackals (D:2)
  6 kobolds
  3 bats
  2 giant newts (D:1)
  7 rats
42 creatures vanquished.

Notes
Turn   | Place    | Note
--------------------------------------------------------------
     0 | D:1      | FedoraBrony69, the Deep Elf Venom Mage, began the quest for the Orb.
     0 | D:1      | Reached XP level 1. HP: 10/10 MP: 6/6
   436 | D:1      | Reached skill level 1 in Conjurations
   491 | D:1      | Reached XP level 2. HP: 15/15 MP: 3/8
  1011 | D:2      | Reached XP level 3. HP: 19/19 MP: 5/10
  1445 | D:2      | Noticed Robin
  1453 | D:2      | Quit the game

Action                   || total
-------------------------++-------
Melee: Unarmed           ||     6
       Whip              ||    15
 Cast: Sting             ||    89
  Eat: Chunk             ||     1
